 Dungeon Crawl Stone Soup version 0.32-a0-520-g344ed53f66 (webtiles) character file.

Game seed: 734920152184340981

272 javelincjr the Grasshopper (level 6, -3/47 HPs)
             Began as a Demonspawn Warper on Feb 27, 2024.
             Splashed by a jelly's acid (7 damage)
             ... on level 3 of the Dungeon.
             The game lasted 00:09:16 (2661 turns).

javelincjr the Grasshopper (Demonspawn Warper)      Turns: 2661, Time: 00:09:16

Health: -3/47      AC:  0    Str: 13    XL:     6   Next: 2%
Magic:  17/19      EV: 12    Int: 13    God:
Gold:   112        SH:  0    Dex: 13    Spells: 5/10 levels left

rFire   + . .        a - +0 spear
rCold   . . .        (no shield)
rNeg    . . .        b - +0 leather armour
rPois   .            i - +0 hat
rElec   .            (no cloak)
rCorr   .            (no gloves)
SInv    .            (no boots)
Will    .....        (no amulet)
Stlth   +            h - ring of protection from fire
HPRegen 0.27/turn    t - ring of magical power
MPRegen 0.16/turn

%: no passive effects
@: corroded
A: hooves 1, foul stench 3
a: no special abilities


You were on level 3 of the Dungeon.
You visited 1 branch of the dungeon, and saw 3 of its levels.

You collected 112 gold pieces.

Inventory:

Hand Weapons
 a - a +0 spear (weapon)
 k - a +0 sling
 s - a +2 dagger of flaming
Missiles
 d - 7 darts of dispersal (quivered)
Armour
 b - a +0 leather armour (worn)
 i - a +0 hat (worn)
 q - a +0 scale mail
Jewellery
 h - a ring of protection from fire (left hand)
 t - a ring of magical power (right hand)
Talismans
 n - a serpent talisman
Wands
 m - a wand of digging (3)
 p - a wand of flame (28)
 x - a wand of mindburst (9)
Scrolls
 c - 2 scrolls of blinking
 e - a scroll of vulnerability {unknown}
 g - a scroll of fog {unknown}
 j - 2 scrolls of identify {unknown}
 u - a scroll of fear {unknown}
 v - a scroll of butterflies {unknown}
 y - 2 scrolls of teleportation {unknown}
 z - a scroll of silence {unknown}
Potions
 f - 2 potions of resistance {unknown}
 l - a potion of lignification {unknown}
 o - a potion of cancellation {unknown}
 r - a potion of attraction {unknown}
 w - 2 potions of degeneration {unknown}


   Skills:
 * Level 3.5 Fighting
 + Level 2.9 Polearms
 - Level 1.0 Throwing
 + Level 2.0 Armour
 + Level 2.6 Dodging
 + Level 2.6 Spellcasting
 * Level 3.5 Translocations


You had 5 spell levels left.
You knew the following spells:

 Your Spells              Type           Power      Damage    Failure   Level
a - Blink                 Tloc           20%        N/A       11%         2
b - Lesser Beckoning      Tloc           20%        N/A       11%         2
c - Apportation           Tloc           20%        N/A       7%          1

Your spell library contained the following spells:

 Spells                   Type           Power      Damage    Failure   Level
 Teleport Other           Tloc           10%        N/A       22%         3
 Foxfire                  Conj/Fire      4%         2x1d4     30%         1
 Kiss of Death            Conj/Necr      4%         2d5       30%         1
 Jinxbite                 Hex            2%         N/A       41%         2
 Manifold Assault         Tloc           10%        N/A       56%         4
 Confusing Touch          Hex            1%         N/A       65%         3
 Frozen Ramparts          Ice            2%         1d1       65%         3
 Vhi's Electric Charge    Tloc/Air       12%        N/A       82%         4
 Dispel Undead            Necr           1%         3d6       96%         4
 Leda's Liquefaction      Alch/Erth      0%         N/A       96%         4
 Petrify                  Alch/Erth      1%         N/A       96%         4
 Alistair's Intoxication  Alch           0%         N/A       100%        5
 Metabolic Englaciation   Hex/Ice        0%         N/A       100%        5
 Plasma Beam              Fire/Air       0%         2x1d10    100%        6
 Starburst                Conj/Fire      0%         6d3       100%        6


Dungeon Overview and Level Annotations

Branches:
Dungeon (3/15)

Altars:
Dithmenos
Xom


Innate Abilities, Weirdness & Mutations

You have large cloven feet.
You frequently emit foul miasma when damaged in melee.


Message History

You hit the jelly.
Your hands burn!
You kick the jelly, but do no damage.
The jelly is moderately wounded.
The jelly jiggles.
The jelly hits you but does no damage.
You hit the jelly.
Your hands burn!
The jelly is severely wounded.
The jelly barely misses you.
You hit the jelly.
Your hands burn!
The jelly is almost dead.
The jelly hits you but does no damage.
You are too injured to fight recklessly!
You are too injured to fight recklessly!
You are too injured to fight recklessly!
You are too injured to fight recklessly!
You hit the jelly.
Your hands burn!
You kick the jelly.
You kill the jelly!
You have reached level 6!
You hit the endoplasm.
The endoplasm is almost dead.
The endoplasm freezes you.
You are frozen.
* * * LOW HITPOINT WARNING * * *
You hit the endoplasm but do no damage.
The endoplasm is almost dead.
The endoplasm hits you.
* * * LOW HITPOINT WARNING * * *
You hit the endoplasm.
You kill the endoplasm!
You hit the jelly.
Your hands burn!
* * * LOW HITPOINT WARNING * * *
The jelly is lightly wounded.
The jelly hits you but does no damage.
You hit the jelly. The acid corrodes you!
Your hands burn!
* * * LOW HITPOINT WARNING * * *
You kick the jelly, but do no damage.
The jelly is heavily wounded.
The jelly hits you.
* * * LOW HITPOINT WARNING * * *
You are splashed with acid!
You die...

.....#
#.##.#.####.#.............
.....#
#.##.#......#...#..####.##
###### #.##.########...#...###.#
########.......................#
............##############.#####
############# ########.# ......#
##########...÷÷.##.#
###.#####.....÷##J...P÷P##.#
#)#.##.......#@#.÷JJ..##.#
#)..'........#.#P÷JP..##.#
###...'........#)#......##.#
..#.#.'......#'#.#.PPP.P##.#
..###.##.....#.#.#.J÷...##.#
..'.#####....#.#.#P.P..P##.#
..#..##########.##.....÷##.#
..##...########## #.#
##+..........########### #.#


You could see a jelly.

Vanquished Creatures
  A jelly (D:3)
  Jessica (D:3)
  Terence (D:2)
  Natasha (thrice) (D:2)
  2 adders (D:2)
  A ribbon worm (D:2)
  5 dart slugs
  6 bats
  13 endoplasms
  A giant cockroach (D:1)
  6 goblins
  4 hobgoblins
  14 kobolds
  5 quokkas
  8 ball pythons
  6 frilled lizards
  8 rats
85 creatures vanquished.

Notes
Turn   | Place    | Note
-------+----------+-------------------------------------------
     0 | D:1      | javelincjr the Demonspawn Warper began the quest for the
                  | Orb.
     0 | D:1      | Reached XP level 1. HP: 16/16 MP: 3/3
    97 | D:1      | Reached skill level 1 in Throwing
    97 | D:1      | Reached skill level 1 in Armour
   165 | D:1      | Gained mutation: You have large cloven feet. [demonic
                  | ancestry]
   165 | D:1      | Reached XP level 2. HP: 22/22 MP: 5/5
   474 | D:1      | Gained mutation: You may rarely emit foul miasma when
                  | damaged in melee. [demonic ancestry]
   474 | D:1      | Reached XP level 3. HP: 28/28 MP: 6/6
  1038 | D:2      | Noticed Terence
  1039 | D:2      | Noticed Natasha
  1049 | D:2      | Killed Terence
  1050 | D:2      | Gained mutation: You sometimes emit foul miasma when
                  | damaged in melee. [demonic ancestry]
  1050 | D:2      | Reached XP level 4. HP: 17/34 MP: 7/7
  1061 | D:2      | Killed Natasha
  1191 | D:2      | Learned a level 2 spell: Blink
  1194 | D:2      | Learned a level 2 spell: Lesser Beckoning
  1322 | D:2      | Noticed Natasha
  1333 | D:2      | Killed Natasha
  1471 | D:2      | Gained mutation: You frequently emit foul miasma when
                  | damaged in melee. [demonic ancestry]
  1471 | D:2      | Reached XP level 5. HP: 41/41 MP: 8/8
  1625 | D:2      | Noticed Natasha
  1635 | D:2      | Killed Natasha
  1860 | D:2      | Found a faded altar of an unknown god.
  1870 | D:2      | Found a shadowy altar of Dithmenos.
  2047 | D:3      | Found a shimmering altar of Xom.
  2315 | D:3      | Learned a level 1 spell: Apportation
  2339 | D:3      | Noticed Jessica
  2354 | D:3      | Killed Jessica
  2657 | D:3      | Reached XP level 6. HP: 16/47 MP: 10/10
  2661 | D:3      | Splashed by a jelly's acid

Illustrated notes

Levels and vault maps discovered:
D:1:      onia_arrival_mini_maze_b, layout_loops_cross, minmay_octomino_e4
D:2:      minmay_skewed_foursquare, layout_rooms, basic_altar,
          hellmonk_ecumenical_altar_leap_of_faith, moated_statue, uniq_natasha,
          uniq_terence
D:3:      cheibrodos_fertilizer, layout_basic, mainiacjoe_overflow_24_doors,
          minmay_misc_feat_ornament, uniq_jessica

Skill      XL: |  1  2  3  4  5 |
---------------+----------------+-----
Throwing       | 1 |  1.0
Armour         | 1 2 |  2.0
Polearms       | 2 |  2.9
Dodging        | 2 |  2.6
Translocations | 3 |  3.5
Fighting       | 3 |  3.5
Spellcasting   | |  2.6

Action                     |  1- 3 |  4- 6 || total
---------------------------+-------+-------++-------
  Melee: Spear             |   124 |   172 ||   296
         Kick              |    15 |    41 ||    56
   Cast: Blink             |       |     1 ||     1
  Evoke: Wand              |       |     3 ||     3
   Stab: Sleeping          |     3 |       ||     3
 Armour: Leather armour    |    50 |    60 ||   110
  Dodge: Dodged            |    47 |    62 ||   109
         Repelled          |     3 |     5 ||     8

Table legend: (Time is in decaauts)
 A = Elapsed time spent in this place.
 B = Non-inter-level travel time spent in this place.
 C = Inter-level travel time spent in this place.
 D = Time resting spent in this place.
 E = Time spent auto-exploring this place.
 F = Levels seen in this place.
 G = Mean time per level.
                   A        B        C        D        E       F      G
               +--------+--------+--------+--------+--------+-----+--------+
         Total |   2662 |   2567 |     95 |    107 |   1905 |   3 |  887.3 |
       Dungeon |   2662 |   2567 |     95 |    107 |   1905 |   3 |  887.3 |
               +--------+--------+--------+--------+--------+-----+--------+

Top non-repeatable levels by time:
     D:2: 991 daAuts
     D:1: 971 daAuts
     D:3: 699 daAuts
